 Dungeon Crawl Stone Soup version 0.29-a0-872-g797fff5ad1 (webtiles) character file.

Game seed: 18266225808139873988

694 Demosthentine the Ducker (level 7, -1/55 HPs)
             Began as a Merfolk Gladiator on July 19, 2022.
             Was an Initiate of the Shining One.
             Slain by Edmund
             ... wielding a +3 flail of protection
              (16 damage)
             ... on level 4 of the Dungeon.
             The game lasted 00:04:22 (5171 turns).

Demosthentine the Ducker (Merfolk Gladiator)        Turns: 5171, Time: 00:04:23

Health: -1/55      AC:  4    Str: 16    XL:     7   Next: 64%
Magic:  7/7        EV: 14    Int:  8    God:    the Shining One [......]
Gold:   126        SH:  0    Dex: 15    Spells: 6/6 levels left

rFire   . . .      SeeInvis .   a - +0 trident
rCold   . . .      Faith    .   (no shield)
rNeg    . . .      Spirit   .   b - +0 leather armour
rPois   .          Reflect  .   c - +0 helmet
rElec   .          Harm     .   (no cloak)
rCorr   .          Rampage  .   (no gloves)
Will    .....                   (no boots)
Stlth   +.........              (no amulet)
HPRegen 0.18/turn               (no ring)
MPRegen 0.10/turn               (no ring)

@: attractive, glowing
A: (nimble swimmer 2), mertail
a: Renounce Religion


You were on level 4 of the Dungeon.
You worshipped the Shining One.
The Shining One was noncommittal.
You visited 1 branch of the dungeon, and saw 4 of its levels.

You collected 126 gold pieces.

Inventory:

Hand Weapons
 a - a +0 trident (weapon)
Missiles
 e - 5 javelins (quivered)
Armour
 b - a +0 leather armour (worn)
 c - a +0 helmet (worn)
Wands
 k - a wand of light (5)
Scrolls
 f - a scroll of teleportation
 g - 5 scrolls of identify
Potions
 h - 2 potions of flight
 i - 2 potions of mutation
 j - a potion of attraction
 l - a potion of brilliance


   Skills:
 + Level 4.9 Fighting
 + Level 6.6 Polearms
 - Level 2.0 Throwing
 + Level 2.8 Armour
 + Level 6.6 Dodging


You had 6 spell levels left.
You didn't know any spells.
Your spell library contained the following spells:

 Spells                   Type           Power      Damage    Failure   Level
 Shock                    Conj/Air       0%         1d3       45%         1
 Blink                    Tloc           0%         N/A       61%         2
 Lesser Beckoning         Tloc           0%         N/A       83%         3
 Swiftness                Air            0%         N/A       83%         3
 Airstrike                Air            0%         0-1+      99%         4
 Manifold Assault         Tloc           0%         N/A       100%        5


Dungeon Overview and Level Annotations

Branches:
Dungeon (4/15)
 Temple: D:4-7

Altars:
Gozag
Makhleb
Qazlal
Trog
The Shining One

Shops:
D:2 :

Annotations:
D:4 Edmund, Pikel


Innate Abilities, Weirdness & Mutations

((You are very nimble when in or above water. (Stealth+, EV+, Speed+++)))
Your lower body shifts to a powerful aquatic tail in water.


Message History

The hobgoblin hits you. Edmund barely misses you.
You hit Edmund but do no damage.
Edmund is severely wounded.
The hobgoblin barely misses you. Edmund barely misses you.
Throw: throwing net
Press: ? - help, Q - select action, (/) - cycle Shift-Dir - straight line, f/p - Edmund
Aim: Edmund, wielding a +3 flail of protection and wearing a +0 chain mail (severely wounded, 69% to hit)
You throw a throwing net. The throwing net closely misses Edmund.
Edmund hits you with a +3 flail of protection!
The hobgoblin closely misses you.
Throw: 5 javelins
Press: ? - help, Q - select action, (/) - cycle Shift-Dir - straight line, f/p - Edmund
Aim: Edmund, wielding a +3 flail of protection and wearing a +0 chain mail (severely wounded, 69% to hit)
Okay, then.
It was a potion of attraction.
You feel attractive to monsters.
Edmund hits you with a +3 flail of protection.
The hobgoblin barely misses you.
You closely miss Edmund.
Edmund is severely wounded.
Edmund misses you. The hobgoblin barely misses you.
You hit Edmund.
Edmund is severely wounded.
The hobgoblin closely misses you.
Edmund hits you with a +3 flail of protection.
You hit Edmund.
Edmund is severely wounded.
You hear the brisk rusting of a very distant drain.
Edmund hits you with a +3 flail of protection!
* * * LOW HITPOINT WARNING * * *
The hobgoblin closely misses you.
You hit Edmund but do no damage.
Edmund is severely wounded.
Edmund barely misses you.
The hobgoblin hits you but does no damage.
You hit Edmund.
Edmund is severely wounded.
The hobgoblin misses you.
Edmund hits you with a +3 flail of protection!
You die...

#............
...#########............
........................
........................
........................
........................
.(......................
#.......................
#...g@................
#.....@.................
#.......................
#...(...................
#..#####................
#. #######.########. .
##.# #.. ##..# #..
##.### ###


You could see Edmund and a hobgoblin.

Vanquished Creatures
  Grinder (D:3)
  Sigmund (D:2)
  A black bear (D:4)
  2 lemures (D:4)
  Natasha (D:2)
  Terence (D:2)
  7 gnolls (D:3)
  2 adders (D:2)
  2 worms
  4 dart slugs
  2 orcs
  3 ball pythons
  5 endoplasms
  4 giant cockroaches
  8 goblins
  6 hobgoblins
  6 jackals
  4 quokkas
  4 bats (D:2)
  3 frilled lizards
  11 kobolds
  23 rats
101 creatures vanquished.

Notes
Turn   | Place    | Note
-------+----------+-------------------------------------------
     0 | D:1      | Demosthentine the Merfolk Gladiator began the quest for the
                  | Orb.
     0 | D:1      | Reached XP level 1. HP: 16/16 MP: 1/1
   187 | D:1      | Reached XP level 2. HP: 20/23 MP: 2/2
   682 | D:1      | Reached XP level 3. HP: 28/28 MP: 3/3
  1062 | D:2      | Found a burning altar of Makhleb.
  1250 | D:2      | Reached skill level 1 in Armour
  1394 | D:2      | Noticed Terence
  1410 | D:2      | Killed Terence
  1411 | D:2      | Reached XP level 4. HP: 23/35 MP: 4/4
  1944 | D:2      | Noticed Sigmund
  1957 | D:2      | Killed Sigmund
  1958 | D:2      | Reached skill level 5 in Polearms
  1958 | D:2      | Reached skill level 5 in Dodging
  1958 | D:2      | Reached XP level 5. HP: 31/42 MP: 5/5
  1958 | D:2      | Reached XP level 6. HP: 36/48 MP: 6/6
  2077 | D:2      | Noticed Natasha
  2089 | D:2      | Killed Natasha
  2512 | D:2      | Found Caebleub's Book Shoppe.
  2885 | D:3      | Found a bloodstained altar of Trog.
  3498 | D:3      | Found a burning altar of Makhleb.
  3701 | D:3      | Found a stormy altar of Qazlal.
  3739 | D:3      | Found a glowing golden altar of the Shining One.
  3742 | D:3      | Became a worshipper of the Shining One
  4066 | D:3      | Noticed Grinder
  4075 | D:3      | Paralysed by Grinder for 4 turns
  4089 | D:3      | Killed Grinder
  4090 | D:3      | Reached XP level 7. HP: 10/55 MP: 7/7
  4723 | D:4      | Noticed Pikel
  5075 | D:4      | Found an opulent altar of Gozag.
  5140 | D:4      | Noticed Edmund
  5171 | D:4      | Slain by Edmund

Illustrated notes

Levels and vault maps discovered:
D:1:      dpeg_arrival_houses_and_road, layout_basic
D:2:      layout_basic, basic_altar, serial_shops, shop, minmay_3d_cube,
          uniq_sigmund, uniq_natasha, uniq_terence
D:3:      layout_loops_ring, tso_oasis_becter, nicolae_overflow_crystal_walls,
          mainiacjoe_overflow_alcove_2, mainiacjoe_overflow_alcove_1,
          minmay_rat_hole, uniq_grinder
D:4:      layout_layer_cave, grunt_gozag_breadcrumbs, gup_sewer_entry_bowl,
          nicolae_figureground_pulse, uniq_menkaure, uniq_pikel, uniq_edmund

Skill      XL: |  1  2  3  4  5  6 |
---------------+-------------------+-----
Armour         | 1 2 |  2.8
Fighting       | 3 4 |  4.9
Polearms       | 5 6 |  6.6
Dodging        | 5 6 |  6.6
Throwing       | |  2.0

Action                   |  1- 3 |  4- 6 |  7- 9 || total
-------------------------+-------+-------+-------++-------
Melee: Trident           |    97 |   228 |    78 ||   403
       Punch             |       |     2 |     2 ||     4
Throw: Throwing net      |     1 |     1 |     3 ||     5
  Use: Scroll            |     2 |     5 |     2 ||     9
       Potion            |       |     1 |     1 ||     2
 Stab: Sleeping          |     2 |     2 |       ||     4
       Held in net/web   |       |     1 |       ||     1
       Distracted        |       |     1 |       ||     1
Armor: Leather armour    |    23 |    25 |     6 ||    54
       Skin              |       |     6 |       ||     6
Dodge: Dodged            |    59 |   112 |    59 ||   230

Table legend: (Time is in decaauts)
 A = Elapsed time spent in this place.
 B = Non-inter-level travel time spent in this place.
 C = Inter-level travel time spent in this place.
 D = Time resting spent in this place.
 E = Time spent auto-exploring this place.
 F = Levels seen in this place.
 G = Mean time per level.
                   A        B        C        D        E       F      G
               +--------+--------+--------+--------+--------+-----+--------+
         Total |   5180 |   5056 |    124 |    567 |   3508 |   4 | 1295.0 |
       Dungeon |   5180 |   5056 |    124 |    567 |   3508 |   4 | 1295.0 |
               +--------+--------+--------+--------+--------+-----+--------+

Top non-repeatable levels by time:
     D:2: 1827 daAuts
     D:3: 1826 daAuts
     D:1: 1067 daAuts
     D:4: 459 daAuts
